 Dungeon Crawl Stone Soup version 0.27.0-1-g7a089689b8 (webtiles) character file.

Game seed: 7666449776886831478

71 Myro the Cutter (level 4, -3/23 HPs)
             Began as a Vine Stalker Fighter on July 31, 2021.
             Succumbed to a water moccasin's poison
             ... on level 3 of the Dungeon.
             The game lasted 00:02:34 (1921 turns).

Myro the Cutter (Vine Stalker Fighter)              Turns: 1921, Time: 00:02:35

Health: -3/23      AC:  6    Str: 19    XL:     4   Next: 24%
Magic:  1/5        EV:  7    Int:  8    God:
Gold:   63         SH:  9    Dex: 14    Spells: 3/3 levels left

rFire    . . .     SeeInvis .   l - +0 dagger (venom)
rCold    . . .     Faith    .   c - +0 kite shield
rNeg     . . .     Spirit   +   b - +0 scale mail
rPois    .         Reflect  .   (no helmet)
rElec    .         Harm     .   (no cloak)
rCorr    .         Rampage  .   (no gloves)
Will     .....                  (no boots)
Stlth    ..........             (no amulet)
HPRegen  1.07/turn              (no ring)
MPRegen  0.09/turn              (no ring)

@: lethally poisoned (-3 -> -20)
A: fangs 2, regeneration 1, magic shield, antimagic bite, no potion heal 2
a: no special abilities


You were on level 3 of the Dungeon.
You visited 1 branch of the dungeon, and saw 3 of its levels.

You collected 63 gold pieces.

Inventory:

Hand Weapons
 a - a +0 rapier
 l - a +0 dagger of venom (weapon)
Armour
 b - a +0 scale mail (worn)
 c - a +0 kite shield (worn)
Scrolls
 f - 2 scrolls of immolation {unknown}
 g - 2 scrolls of enchant weapon {unknown}
 i - a scroll of enchant armour {unknown}
 j - 2 scrolls of identify {unknown}
 k - a scroll of fear {unknown}
Potions
 d - a potion of might
 e - a potion of haste {unknown}
 h - a potion of lignification {unknown}


   Skills:
 - Level 2.6 Fighting
 + Level 4.0 Short Blades
 - Level 2.4 Armour
 - Level 2.6 Shields


You had 3 spell levels left.
You didn't know any spells.
Your spell library contained the following spells:

 Spells                   Type           Power      Damage    Failure   Level
 Foxfire                  Conj/Fire      0%         2x1d4     100%        1
 Conjure Flame            Conj/Fire      0%         6-21      100%        3
 Inner Flame              Hex/Fire       0%         N/A       100%        3


Dungeon Overview and Level Annotations

Branches:
Dungeon (3/15)

Altars:


Innate Abilities, Weirdness & Mutations

You have extremely sharp teeth.
Your natural rate of healing is unusually fast.
When hurt, damage is shared between your health and your magic reserves.
Your bite disrupts and absorbs the magic of your enemies.
Potions cannot restore your health.


Message History

You hit the hobgoblin but do no damage.
You bite the hobgoblin, but do no damage.
The hobgoblin completely misses you.
You closely miss the hobgoblin. You bite the hobgoblin. You drain its power.
The hobgoblin is severely wounded.
The hobgoblin hits you.
You hit the hobgoblin but do no damage.
The hobgoblin is poisoned.
You bite the hobgoblin. You drain its power.
The hobgoblin is almost dead.
You kill the hobgoblin!
You see here a hobgoblin corpse.
A water moccasin comes into view.
You block the water moccasin's attack.
You closely miss the water moccasin. You block the water moccasin's attack.
You hit the water moccasin. Your bite misses the water moccasin.
The water moccasin is lightly wounded.
The water moccasin bites you.
You are poisoned.
The water moccasin poisons you! The water moccasin bites you.
You are more poisoned.
The water moccasin poisons you!
You hit the water moccasin.
The water moccasin is lightly wounded.
You feel extremely sick. The water moccasin closely misses you.
You barely miss the water moccasin.
The water moccasin is lightly wounded.
You feel very sick. The water moccasin barely misses you.
You block the water moccasin's attack.
You barely miss the water moccasin.
You bite the water moccasin, but do no damage.
The water moccasin is lightly wounded.
You feel very sick. The water moccasin bites you!
* * * LOW HITPOINT WARNING * * *
You are more poisoned.
The water moccasin poisons you!
You hit the water moccasin.
The water moccasin is poisoned.
The water moccasin is moderately wounded.
You die...

### ###########
##.######...<......
#.........#########
##†######## #.# #.#
#@# #S# #.# #.# ...
..# ... ....


You could see a water moccasin (very poisoned).

Vanquished Creatures
  3 adders (D:2)
  A worm (D:2)
  A dart slug (D:1)
  3 endoplasms
  2 giant cockroaches (D:1)
  3 goblins (D:2)
  2 hobgoblins
  8 jackals
  6 kobolds
  A quokka (D:1)
  A ball python (D:1)
  2 bats
  A frilled lizard (D:2)
  A rat (D:2)
35 creatures vanquished.

Notes
Turn   | Place    | Note
-------+----------+-------------------------------------------
     0 | D:1      | Myro the Vine Stalker Fighter began the quest for the Orb.
     0 | D:1      | Reached XP level 1. HP: 11/11 MP: 2/2
    26 | D:1      | Reached skill level 2 in Short Blades
   189 | D:1      | Reached XP level 2. HP: 8/16 MP: 1/3
   693 | D:1      | Found a faded altar of an unknown god.
   973 | D:2      | Reached skill level 3 in Short Blades
   974 | D:2      | Upgraded the game from 0.27.0 to 0.27.0-1-g7a089689b8
  1089 | D:2      | Reached XP level 3. HP: 9/19 MP: 2/4
  1705 | D:2      | Gained mutation: Your natural rate of healing is unusually
                  | fast. [Vine Stalker growth]
  1705 | D:2      | Reached XP level 4. HP: 23/23 MP: 5/5
  1859 | D:2      | Reached skill level 4 in Short Blades
  1913 | D:3      | Noticed a water moccasin
  1921 | D:3      | Succumbed to a water moccasin's poison

Illustrated notes

Levels and vault maps discovered:
D:1:      dpeg_arrival_rooms_b, layout_rooms,
          dreamdust_ecumenical_altar_statues, minmay_misc_feat_encased,
          minmay_misc_feat_enclosed
D:2:      layout_basic
D:3:      layout_loops_ring, gup_sewer_entry_spiral

Skill      XL: |  1  2  3  4 |
---------------+-------------+-----
Short Blades   | 2 3 4 |  4.0
Fighting       | |  2.6
Armour         | |  2.4
Shields        | |  2.6

Action                   |  1- 3 |  4- 6 || total
-------------------------+-------+-------++-------
Melee: Rapier            |    79 |    13 ||    92
       Bite              |    17 |    11 ||    28
       Dagger            |       |    24 ||    24
Armor: Scale mail        |    46 |     9 ||    55
Dodge: Dodged            |    34 |     8 ||    42
Block: Kite shield       |    54 |    15 ||    69
